 Dungeon Crawl Stone Soup version 0.31.0-12-g77e489cdc1 (webtiles) character file.

Game seed: 6175147443794613813

398 112233 the Ruffian (level 6, -3/43 HPs)
             Began as an Octopode Fighter on Feb 14, 2024.
             Killed from afar by an orc wizard (5 damage)
             ... with a magic dart
             ... on level 4 of the Dungeon.
             The game lasted 00:02:56 (2591 turns).

112233 the Ruffian (Octopode Fighter)               Turns: 2591, Time: 00:02:56

Health: -3/43      AC:  5    Str: 15    XL:     6   Next: 83%
Magic:  6/6        EV: 14    Int: 11    God:
Gold:   102        SH:  5    Dex: 13    Spells: 5/5 levels left

rFire   . .          .
                       - Unarmed
rCold   . . .        a - +0 buckler
rNeg    . . .        (helmet restricted)
rPois   +            (no amulet)
rElec   .            k - +4 ring of protection
rCorr   .            (no ring)
SInv    .            (no ring)
Will    .....        (no ring)
Stlth   ++           (no ring)
HPRegen 0.27/turn    (no ring)
MPRegen 0.10/turn    (no ring)
                     (no ring)

%: no passive effects
@: no status effects
A: almost no armour, amphibious, 8 rings, camouflage 1, gelatinous body 1,
(nimble swimmer 1), tentacles, deterioration 1, poison resistance
a: no special abilities


You were on level 4 of the Dungeon.
You visited 1 branch of the dungeon, and saw 4 of its levels.

You collected 102 gold pieces.

Inventory:

Hand Weapons
 h - a +1 short sword
Missiles
 b - 5 silver javelins (quivered)
 t - 5 poisoned darts
Armour
 a - a +0 buckler (worn)
Jewellery
 k - a +4 ring of protection (left tentacle)
Scrolls
 c - a scroll of brand weapon
 d - 3 scrolls of vulnerability
 e - a scroll of amnesia
 f - a scroll of enchant armour
Potions
 g - a potion of curing {unknown}
 q - a potion of invisibility {unknown}
 r - a potion of berserk rage {unknown}
 s - a potion of brilliance


   Skills:
 + Level 4.1 Fighting
 + Level 4.2 Dodging
 + Level 4.2 Shields
 * Level 4.6 Unarmed Combat


You had 5 spell levels left.
You didn't know any spells.
Your spell library was empty.

Dungeon Overview and Level Annotations

Branches:
Dungeon (4/15)
 Temple: D:4-7

Altars:
Sif Muna
Zin
The Shining One

Shops:
D:3 *

Annotations:
D:2 1 runed translucent door, Crazy Yiuf


Innate Abilities, Weirdness & Mutations

You cannot wear most types of armour.
You are amphibious.
You can wear up to eight rings at the same time.
Your skin changes colour to match your surroundings (Stealth+).
Your rubbery body absorbs attacks. (AC +1, EV +1)
((You are camouflaged when in or above water. (Stealth+)))
You have tentacles for arms and can constrict up to eight enemies at once.
Your body sometimes deteriorates upon taking damage.
Your system is resistant to poisons. (rPois)


Message History

It is a scroll of enchant weapon.
Your +0 short sword glows red for a moment.
The orc wizard points at you and mumbles some strange words.
You are confused.
The orc hits you but does no damage. The orc completely misses you.
The orc priest looks encouraged for a moment.
Unknown command.
It was a potion of magic.
Magic courses through your body. The orc closely misses you.
The orc wizard barely misses you. Something barely misses you.
The orc completely misses you. The orc hits you with a +0 club.
Unknown command.
It was a potion of mutation.
You feel extremely strange.
You feel resistant to poisons.
You feel yourself wasting away. The orc hits you with a +0 morningstar.
* * * LOW HITPOINT WARNING * * *
The orc wizard gestures at you while chanting.
You are more confused.
The orc barely misses you. x2; Something hits you.
* * * LOW HITPOINT WARNING * * *
Unknown command.
It was a potion of lignification.
You turn into a tree.
Your roots penetrate the ground.
The orc hits you but does no damage. x2
The orc wizard casts a spell.
The orc wizard flickers and vanishes!
Something hits you but does no damage. The orc hits you but does no damage.
Unknown command.
Unknown command.
It was a potion of cancellation.
Your magical effects are unravelling.
You feel magically purged.
You feel less wooden.
You feel less confused. The orc hits you with a +0 morningstar!
* * * LOW HITPOINT WARNING * * *
The orc barely misses you. Something hits you.
* * * LOW HITPOINT WARNING * * *
You hear some strange, mumbled words.
A magic dart appears from out of thin air!
The magic dart hits you.
You die...

.. ..# ........#### ..#
#............. ..#
#............####### ..#
#...................
..###.............~...~.
..#...........O.........
................{o......
............# #.@{o.....
............###.oo~...~.
###.........##..o.......
..>.........#....#######
.....................
.................####
.................##
..................#
................<.###


You could see an ogre, an orc priest and 4 orcs.

Vanquished Creatures
  2 ice beasts (D:3)
  A bombardier beetle (D:4)
  A sleepcap (D:4)
  4 gnolls
  2 adders
  5 ribbon worms
  9 endoplasms
  6 giant cockroaches
  7 goblins
  5 hobgoblins
  11 jackals
  3 quokkas (D:1)
  8 ball pythons
  5 bats
  3 frilled lizards
  9 kobolds
  4 rats
85 creatures vanquished.

Notes
Turn   | Place    | Note
-------+----------+-------------------------------------------
     0 | D:1      | 112233 the Octopode Fighter began the quest for the Orb.
     0 | D:1      | Reached XP level 1. HP: 16/16 MP: 1/1
   103 | D:1      | Reached XP level 2. HP: 17/21 MP: 2/2
   161 | D:1      | Reached XP level 3. HP: 13/26 MP: 3/3
   613 | D:2      | Found a glowing golden altar of the Shining One.
   643 | D:2      | Reached XP level 4. HP: 7/31 MP: 4/4
   768 | D:2      | Identified the +1 leather armour of the Oni {rF++ Str+3
                  | Slay-3}
   939 | D:2      | Found a runed translucent door.
   940 | D:2      | Noticed Crazy Yiuf
  1530 | D:3      | Noticed an ice beast
  1532 | D:3      | Noticed an ice beast
  1541 | D:3      | Killed an ice beast
  1542 | D:3      | Reached XP level 5. HP: 37/37 MP: 5/5
  1550 | D:3      | Killed an ice beast
  1551 | D:3      | Reached XP level 6. HP: 28/43 MP: 6/6
  1668 | D:3      | Found a faded altar of an unknown god.
  1895 | D:3      | Found Zin's Purification Station.
  1899 | D:3      | Found a glowing silver altar of Zin.
  2151 | D:4      | Found a shimmering blue altar of Sif Muna.
  2589 | D:4      | Gained mutation: Your system is resistant to poisons.
                  | (rPois) [potion of mutation]
  2589 | D:4      | Gained mutation: Your body sometimes deteriorates upon
                  | taking damage. [potion of mutation]
  2591 | D:4      | HP: 2/43 [something (1)]
  2591 | D:4      | Killed from afar by an orc wizard

Illustrated notes

Levels and vault maps discovered:
D:1:      minmay_arrival_three_doors, layout_basic, nicolae_the_louvre
D:2:      layout_rooms, basic_altar, nicolae_hexahallways,
          minmay_fractal_squares_5, uniq_crazy_yiuf_cottage
D:3:      layout_rooms, zin_purify, shapermc_ecumenical_altar_starsandcircs
D:4:      cheibrodos_pilgrimage, layout_layer_cave,
          mainiacjoe_overflow_boulevard

Skill      XL: |  1  2  3  4  5 |
---------------+----------------+-----
Unarmed Combat | 3 4 |  4.6
Fighting       | 4 |  4.1
Dodging        | 4 |  4.2
Shields        | 4 |  4.2

Action                     |  1- 3 |  4- 6 || total
---------------------------+-------+-------++-------
  Melee: Unarmed           |    80 |    99 ||   179
         Tentacles         |    23 |    29 ||    52
         Constrict         |    20 |    29 ||    49
         Punch             |     1 |     3 ||     4
    Use: Potion            |     1 |     5 ||     6
         Scroll            |       |     7 ||     7
   Stab: Sleeping          |     4 |     7 ||    11
 Armour: Skin              |    25 |    52 ||    77
  Dodge: Dodged            |    38 |    46 ||    84
  Block: Buckler           |    23 |    15 ||    38
